 Dungeon Crawl Stone Soup version 0.28-a0-1435-g82390b3a13 (webtiles) character file.

Game seed: 4350688480727080953

95 Shayle the Grasshopper (level 4, -4/38 HPs)
             Began as a Gnoll Warper on Jan 9, 2022.
             Slain by a river rat (7 damage)
             ... in a sewer.
             The game lasted 00:03:55 (2816 turns).

Shayle the Grasshopper (Gnoll Warper)               Turns: 2816, Time: 00:03:55

Health: -4/38      AC:  3    Str: 11 (12) XL:     4   Next: 65%
Magic:  11/11      EV: 12    Int:  9 (12) God:
Gold:   77         SH:  0    Dex:  9 (12) Spells: 13/13 levels left

rFire   . . .      SeeInvis .     - Unarmed
rCold   . . .      Faith    .   (no shield)
rNeg    . . .      Spirit   .   a - +0 leather armour
rPois   .          Reflect  .   (no helmet)
rElec   .          Harm     .   (no cloak)
rCorr   .          Rampage  .   (no gloves)
Will    .....                   (no boots)
Stlth   +.........              (no amulet)
HPRegen 0.12/turn               (no ring)
MPRegen 0.12/turn               (no ring)

@: attractive
A: fangs 1, strong nose, distributed training
a: no special abilities


You were in a sewer.
You visited 1 branch of the dungeon, and saw 3 of its levels.
You also visited: Sewer.

You collected 77 gold pieces.

Inventory:

Armour
 a - a +0 leather armour (worn)
Jewellery
 i - a ring of wizardry
Scrolls
 b - 2 scrolls of blinking
 g - a scroll of fear
Potions
 c - a potion of curing {unknown}
 d - a potion of brilliance {unknown}
 e - a potion of resistance
 h - a potion of cancellation


   Skills:
 + Level 4.6 Fighting
 + Level 1.2 Short Blades
 + Level 1.2 Long Blades
 + Level 1.2 Axes
 + Level 1.2 Maces & Flails
 + Level 1.2 Polearms
 + Level 1.2 Staves
 + Level 1.2 Slings
 + Level 1.2 Bows
 + Level 1.2 Crossbows
 + Level 2.8 Throwing
 + Level 2.8 Armour
 + Level 4.6 Dodging
 + Level 1.2 Stealth
 + Level 1.2 Shields
 + Level 4.6 Unarmed Combat
 + Level 5.1 Spellcasting
 + Level 1.0 Conjurations
 + Level 1.0 Hexes
 + Level 1.0 Summonings
 + Level 1.0 Necromancy
 + Level 5.5 Translocations
 + Level 1.0 Transmutations
 + Level 1.0 Fire Magic
 + Level 1.0 Ice Magic
 + Level 1.0 Air Magic
 + Level 1.0 Earth Magic
 + Level 1.0 Poison Magic
 + Level 1.3 Invocations
 + Level 1.2 Evocations


You had 13 spell levels left.
You didn't know any spells.
Your spell library contained the following spells:

 Spells                   Type           Power      Damage    Failure   Level
 Blink                    Tloc           24%        N/A       4%          2
 Gell's Gravitas          Tloc           12%        N/A       10%         3
 Lesser Beckoning         Tloc           12%        N/A       10%         3
 Teleport Other           Tloc           12%        N/A       10%         3
 Summon Small Mammal      Summ           16%        N/A       21%         1
 Call Canine Familiar     Summ           4%         N/A       52%         3
 Summon Guardian Golem    Hex/Summ       4%         N/A       52%         3
 Manifold Assault         Tloc           12%        N/A       65%         5
 Summon Lightning Spire   Summ/Air       4%         N/A       90%         4
 Storm Form               Tmut/Air       2%         N/A       100%        7
 Maxwell's Capacitive Co  Air            2%         ∞         100%        8


Dungeon Overview and Level Annotations

Branches:
Dungeon (3/15)              Sewer (1/1)

Altars:


Innate Abilities, Weirdness & Mutations

You have very sharp teeth.
Your uncanny sense of smell can sniff out nearby items.
Your experience applies equally to all skills.


Message History

The rat closely misses you.
You closely miss the river rat.
The river rat is severely wounded.
The river rat closely misses you. x2; The rat barely misses you.
You barely miss the river rat.
You bite the river rat, but do no damage.
The river rat is severely wounded.
The river rat bites you. The river rat closely misses you.
You hit the river rat but do no damage.
The river rat is severely wounded.
The rat completely misses you.
The river rat bites you but does no damage.
The river rat barely misses you.
You hit the river rat but do no damage.
The river rat is severely wounded.
The rat closely misses you. The river rat barely misses you.
The river rat bites you!
You aren't carrying any items that you can evoke.
It was a potion of resistance.
You feel protected. The rat closely misses you.
The river rat barely misses you. The river rat completely misses you.
It was a potion of cancellation.
Your magical effects are unravelling.
You feel magically purged.
Your resistance to elements expires.
The rat barely misses you. The river rat bites you.
* * * LOW HITPOINT WARNING * * *
The river rat bites you!
* * * LOW HITPOINT WARNING * * *
It was a potion of degeneration.
There was something very wrong with that liquid.
You feel weakened.
You feel dopey.
You feel clumsy. The rat closely misses you. The river rat barely misses you.
The river rat closely misses you.
It was a potion of attraction.
You feel attractive to monsters. The rat closely misses you.
The river rat closely misses you. The river rat bites you!
You die...

≈..≈
##≈.≈
#≈≈≈
##.≈#
#.≈≈
#≈≈# ∆
#≈.#∆∆
#r@# ∆
#rr#∆∆
#≈≈# ∆
#.≈.#
##.≈#
#≈≈≈#
##≈≈.≈
≈..≈.
##≈≈≈#


You could see 2 river rats and a rat.

Vanquished Creatures
  3 adders
  2 worms (D:2)
  2 orcs (D:3)
  3 ball pythons
  2 endoplasms
  7 giant cockroaches
  9 goblins
  6 hobgoblins
  7 jackals
  A quokka (D:1)
  A bat (D:1)
  2 frilled lizards (D:1)
  5 kobolds
  4 rats
54 creatures vanquished.

Notes
Turn   | Place    | Note
-------+----------+-------------------------------------------
     0 | D:1      | Shayle the Gnoll Warper began the quest for the Orb.
     0 | D:1      | Reached XP level 1. HP: 20/20 MP: 6/6
    46 | D:1      | Found a faded altar of an unknown god.
   266 | D:1      | Reached XP level 2. HP: 26/26 MP: 7/7
   615 | D:1      | Reached XP level 3. HP: 15/31 MP: 9/9
  1111 | D:2      | Reached skill level 5 in Spellcasting
  1262 | D:2      | Reached skill level 1 in Invocations
  1688 | D:2      | Reached skill level 1 in Short Blades
  1688 | D:2      | Reached skill level 1 in Long Blades
  1688 | D:2      | Reached skill level 1 in Axes
  1688 | D:2      | Reached skill level 1 in Maces & Flails
  1688 | D:2      | Reached skill level 1 in Polearms
  1688 | D:2      | Reached skill level 1 in Staves
  1688 | D:2      | Reached skill level 1 in Slings
  1688 | D:2      | Reached skill level 1 in Bows
  1688 | D:2      | Reached skill level 1 in Crossbows
  1688 | D:2      | Reached skill level 1 in Stealth
  1688 | D:2      | Reached skill level 1 in Shields
  1688 | D:2      | Reached skill level 1 in Evocations
  1688 | D:2      | Reached XP level 4. HP: 26/38 MP: 11/11
  2747 | D:3      | Reached skill level 1 in Conjurations
  2747 | D:3      | Reached skill level 1 in Hexes
  2747 | D:3      | Reached skill level 1 in Summonings
  2747 | D:3      | Reached skill level 1 in Necromancy
  2747 | D:3      | Reached skill level 1 in Transmutations
  2747 | D:3      | Reached skill level 1 in Fire Magic
  2747 | D:3      | Reached skill level 1 in Ice Magic
  2747 | D:3      | Reached skill level 1 in Air Magic
  2747 | D:3      | Reached skill level 1 in Earth Magic
  2747 | D:3      | Reached skill level 1 in Poison Magic
  2781 | D:3      | Found a glowing drain.
  2790 | Sewer    | Entered a sewer
  2816 | Sewer    | Slain by a river rat

Illustrated notes

Levels and vault maps discovered:
D:1:      minmay_arrival_plants_in_alcoves, layout_basic,
          dreamdust_ecumenical_altar_statues
D:2:      layout_loops_corners
D:3:      kennysheep_the_goblin_king, layout_loops_cross, portal_sewer_entry_f,
          eino_tiny_chamber, minmay_ruptured
Sewer:    sewer_hellmonk_bad_rat

Skill      XL: |  1  2  3  4 |
---------------+-------------+-----
Spellcasting   | 5 |  5.1
Invocations    | 1 |  1.3
Short Blades   | 1 |  1.2
Long Blades    | 1 |  1.2
Axes           | 1 |  1.2
Maces & Flails | 1 |  1.2
Polearms       | 1 |  1.2
Staves         | 1 |  1.2
Slings         | 1 |  1.2
Bows           | 1 |  1.2
Crossbows      | 1 |  1.2
Stealth        | 1 |  1.2
Shields        | 1 |  1.2
Evocations     | 1 |  1.2
Conjurations   | 1 |  1.0
Hexes          | 1 |  1.0
Summonings     | 1 |  1.0
Necromancy     | 1 |  1.0
Transmutations | 1 |  1.0
Fire Magic     | 1 |  1.0
Ice Magic      | 1 |  1.0
Air Magic      | 1 |  1.0
Earth Magic    | 1 |  1.0
Poison Magic   | 1 |  1.0
Fighting       | |  4.6
Throwing       | |  2.8
Armour         | |  2.8
Dodging        | |  4.6
Unarmed Combat | |  4.6
Translocations | |  5.5

Action                   |  1- 3 |  4- 6 || total
-------------------------+-------+-------++-------
Melee: Unarmed           |   149 |    63 ||   212
       Bite              |    14 |     5 ||    19
       Punch             |     3 |     2 ||     5
Throw: Boomerang         |       |     5 ||     5
  Use: Scroll            |     2 |       ||     2
       Potion            |       |     4 ||     4
 Stab: Sleeping          |     1 |     2 ||     3
Armor: Leather armour    |    46 |    21 ||    67
Dodge: Dodged            |    95 |    70 ||   165

Table legend: (Time is in decaauts)
 A = Elapsed time spent in this place.
 B = Non-inter-level travel time spent in this place.
 C = Inter-level travel time spent in this place.
 D = Time resting spent in this place.
 E = Time spent auto-exploring this place.
 F = Levels seen in this place.
 G = Mean time per level.
                   A        B        C        D        E       F      G
               +--------+--------+--------+--------+--------+-----+--------+
         Total |   2803 |   2713 |     90 |    154 |   1949 |   4 |  700.8 |
       Dungeon |   2776 |   2686 |     90 |    154 |   1949 |   3 |  925.3 |
         Sewer |     27 |     27 |      0 |      0 |      0 |   1 |   27.0 |
               +--------+--------+--------+--------+--------+-----+--------+

Top non-repeatable levels by time:
     D:2: 1435 daAuts
     D:1: 1052 daAuts
     D:3: 289 daAuts
   Sewer: 27 daAuts
